 Dungeon Crawl Stone Soup version 0.22-a0-253-gf9d0ce56dd (webtiles) character file.

663 Peterchen the Cleaver (level 7, -2/57 HPs)
             Began as a Minotaur Berserker on Mar 3, 2018.
             Was a Priest of Trog.
             Slain by Eustachio
             ... wielding a +0 rapier
              (5 damage)
             ... on level 4 of the Dungeon.
             The game lasted 00:08:17 (3267 turns).

Peterchen the Cleaver (Minotaur Berserker)          Turns: 3267, Time: 00:08:18

Health: -2/57      AC:  9    Str: 23    XL:     7   Next: 31%
Magic:  6/6        EV:  8    Int:  4    God:    Trog [***...]
Gold:   219        SH:  0    Dex: 10    Spells: 6/6 levels left

rFire    + . .     SeeInvis .   l - +0 war axe
rCold    + . .     Gourm    .   (no shield)
rNeg     . . .     Faith    +   r - +0 chain mail
rPois    .         Spirit   .   (helmet restricted)
rElec    .         Reflect  .   g - scarf {rC+ rF+}
rCorr    .         Harm     .   t - +0 pair of gloves
MR       .....                  (no boots)
Stlth    ..........             m - amulet of faith
HPRegen  0.19/turn              (no ring)
MPRegen  0.10/turn              (no ring)

@: berserk cooldown, slowed, very slow
A: retaliatory headbutt, horns 2
a: Berserk, Trog's Hand, Renounce Religion


You were on level 4 of the Dungeon.
You worshipped Trog.
Trog was most pleased with you.
You were not hungry.

You visited 1 branch of the dungeon, and saw 5 of its levels.

You collected 219 gold pieces.

Inventory:

Hand Weapons
 l - a +0 war axe (weapon)
Armour
 g - a scarf of resistance (worn)
 r - a +0 chain mail (worn)
 t - a +0 pair of gloves (worn)
Jewellery
 m - an amulet of faith (around neck)
Wands
 a - a wand of disintegration (11)
 d - a wand of random effects (20)
Scrolls
 b - a scroll of enchant armour
 h - 2 scrolls of teleportation
 n - a scroll of immolation
 o - a scroll of remove curse
Potions
 e - a potion of flight {unknown}
 f - 2 potions of curing {unknown}
 i - a potion of haste {unknown}
 k - a potion of brilliance {unknown}
 p - a potion of invisibility {unknown}
 q - a potion of lignification {unknown}
Comestibles
 c - 5 rations


   Skills:
 - Level 3.6 Fighting
 * Level 10.2 Axes
 - Level 2.4 Armour
 - Level 2.1 Dodging


You had 6 spell levels left.
You didn't know any spells.

Dungeon Overview and Level Annotations

Branches:
Dungeon (5/15)             Temple (0/1) D:4

Altars:
Elyvilon
Gozag
Qazlal
Wu Jian
Xom
The Shining One

Annotations:
D:4 Eustachio, Grinder


Innate Abilities, Weirdness & Mutations

You reflexively headbutt those who attack you in melee.
You have a pair of horns on your head.


Message History

Eustachio blinks!
Eustachio hits you but does no damage.
You closely miss Eustachio.
Eustachio is lightly wounded.
Eustachio hits you but does no damage.
You barely miss Eustachio. Your headbutt misses Eustachio.
Eustachio is lightly wounded.
Eustachio casts a spell.
Eustachio blinks!
You see here a trident.
Eustachio hits you but does no damage.
You slash Eustachio!
Eustachio is moderately wounded.
Eustachio hits you with a rapier.
* * * LOW HITPOINT WARNING * * *
You barely miss Eustachio.
Eustachio is moderately wounded.
Eustachio casts a spell.
Eustachio hits you with a rapier.
You die...

...##........# #..###.####'###
.............######....##..##.##.
.PP.P................#..###.....#
PPP.....>........###....#####.###
....PP................##.#..#.#..
PP>.P.........(......###...=.....
P..PP........#..5................
PPPP..##.##.##.....#######......#
.P..P.##.##.##..@@...## #.......
#.###....##.######)[..####.......
..# ##......######[#>....#.......
.## #............(###.#[##.....#
#######.....####...............##
....###...........(..............
..............#####..............
................# #..≈≈≈..##.....
....####..)##.#...#..≈≈≈..#####..


You could see Eustachio and an iron imp.

Vanquished Creatures
  An ogre (D:3)
  A phantom (D:4)
  2 scorpions (D:4)
  An oklob sapling (D:4)
  2 hounds (D:4)
  A bullfrog skeleton (D:4)
  2 iguanas (D:4)
  A worker ant (D:4)
  7 gnolls (D:2)
  5 adders
  2 oozes
  A worm (D:3)
  A leopard gecko (D:2)
  5 orcs
  3 giant cockroaches
  5 goblins
  9 hobgoblins
  4 jackals
  5 kobolds
  2 ball pythons
  2 bats
  7 frilled lizards
  A jackal skeleton (D:4)
  11 rats
  A butterfly (D:4)
  3 plants (D:4)
85 creatures vanquished.

Notes
Turn   | Place    | Note
-------+----------+-------------------------------------------
     0 | D:1      | Peterchen the Minotaur Berserker began the quest for the Orb.
     0 | D:1      | Reached XP level 1. HP: 19/19 MP: 0/0
   100 | D:1      | Reached skill level 4 in Axes
   184 | D:1      | Reached XP level 2. HP: 15/26 MP: 1/1
   392 | D:1      | Found a stormy altar of Qazlal.
   845 | D:2      | Reached skill level 5 in Axes
   873 | D:2      | Reached XP level 3. HP: 31/31 MP: 2/2
   972 | D:2      | Reached ** piety under Trog
   974 | D:2      | Reached skill level 6 in Axes
   974 | D:2      | Reached XP level 4. HP: 39/39 MP: 3/3
  1149 | D:2      | Found a white marble altar of Elyvilon.
  1298 | D:2      | Found an opulent altar of Gozag.
  1298 | D:2      | Found an ornate altar of the Wu Jian Council.
  1299 | D:2      | Found a glowing golden altar of the Shining One.
  1371 | D:3      | Reached XP level 5. HP: 21/45 MP: 4/4
  1642 | D:3      | Noticed an ogre
  1647 | D:3      | Killed an ogre
  1647 | D:3      | Reached skill level 7 in Axes
  2179 | D:3      | Reached skill level 8 in Axes
  2280 | D:3      | Found a shimmering altar of Xom.
  2580 | D:4      | Reached XP level 6. HP: 46/51 MP: 5/5
  2678 | D:4      | Reached skill level 9 in Axes
  2796 | D:4      | Reached XP level 7. HP: 38/57 MP: 6/6
  2887 | D:4      | Reached *** piety under Trog
  3125 | D:4      | Found a staircase to the Ecumenical Temple.
  3160 | D:4      | Reached skill level 10 in Axes
  3203 | D:4      | Noticed Grinder
  3206 | D:4      | Paralysed by Grinder for 4 turns
  3217 | D:4      | Paralysed by Grinder for 4 turns
  3223 | D:4      | Noticed Eustachio
  3241 | D:5      | Entered Level 5 of the Dungeon
  3267 | D:4      | Slain by Eustachio

Vault maps used:
D:1:      saegor_arrival_simple_c, kennysheep_flooded_box
D:2:      gammafunk_temple_overflow_claw, first_ration, elyvilon_altar_5
D:3:      xom_butterflies
D:4:      minmay_temple_entry_oklob, interstate_on_off,
          hangedman_abyss_or_decor_jellyfish_corner, serial_park_tiny_pond,
          uniq_eustachio, uniq_grinder
D:5:      st_stairs_14, serial_bayou_crossing, uniq_pikel, uniq_ijyb,
          uniq_crazy_yiuf_cottage, uniq_duvessa

Skill      XL: |  1  2  3  4  5  6  7 |
---------------+----------------------+-----
Axes           | 4 5 6 8 9 10 | 10.2
Fighting       | |  3.6
Armour         | |  2.4
Dodging        | |  2.1

Action                   |  1- 3 |  4- 6 |  7- 9 || total
-------------------------+-------+-------+-------++-------
Melee: Hand axe          |    57 |     7 |       ||    64
       Headbutt          |    10 |    11 |     8 ||    29
       War axe           |       |    90 |    49 ||   139
Invok: Berserk           |     3 |     3 |     2 ||     8
  Use: Scroll            |       |     3 |     3 ||     6
  Eat: Chunk             |     2 |     8 |     1 ||    11
       Ration            |       |       |     1 ||     1
Armor: Animal skin       |     7 |       |       ||     7
       Ring mail         |     1 |    30 |     2 ||    33
       Chain mail        |       |       |    25 ||    25
Dodge: Dodged            |    28 |    49 |    22 ||    99

Table legend:
 A = Spawn XP
 B = Non-spawn XP
 C = Spawn XP percentage of total XP
 D = Spawn monster count
 E = Non-spawn monster count
 F = Spawn count percentage of total count
 G = Total turns spent on level
                    A         B        C        D         E        F      G
               +---------+---------+-------+---------+---------+-------+---------
         Total |       0 |     948 |   0.0 |       0 |      81 |   0.0 |  3267
               +---------+---------+-------+---------+---------+-------+---------
           D:1 |       0 |      31 |   0.0 |       0 |      18 |   0.0 |   838
           D:2 |       0 |     162 |   0.0 |       0 |      33 |   0.0 |   524
           D:3 |       0 |     154 |   0.0 |       0 |       8 |   0.0 |  1212
           D:4 |       0 |     601 |   0.0 |       0 |      22 |   0.0 |   689
               +---------+---------+-------+---------+---------+-------+---------
